TOP OF THE 1ST |
Merida Olas batting - Pitching for Mexico City Conquistadors : LHP Dom Chiti
|
Pitching: LHP Dom Chiti
|
|
Batting: RHB Bob Bathe
|
0-0: Called Strike 0-1: Ball 1-1: Foul Ball, location: 2F 1-2: Foul Ball, location: 2F 1-2: Ball 2-2: Ball 3-2: SINGLE (Line Drive, 6D, EV 96.9 MPH)
|
Batting: LHB Gary Jones
|
0-0: Called Strike Balk! Bob Bathe to second 0-1: Foul Ball, location: 2F 0-2: Strikes out swinging
|
Batting: LHB Ronald Little
|
0-0: Fly out, F8 (Line Drive, 8LM, EV 93.1 MPH)
|
Batting: LHB Mike L Hart
|
0-0: Swinging Strike 0-1: Ball 1-1: Ball 2-1: Ball 3-1: Called Strike 3-2: Strikes out swinging
|
Top of the 1st over - 0 runs, 1 hit, 0 errors, 1 left on base; Merida 0 - Mexico City 0 |
BOTTOM OF THE 1ST |
Mexico City Conquistadors batting - Pitching for Merida Olas : RHP Ron G Davis
|
Pitching: RHP Ron G Davis
|
|
Batting: RHB Brad Komminsk
|
0-0: Foul Ball, location: 2F 0-1: Bunted foul 0-2: Ball 1-2: SINGLE (Flyball, 34D, EV 95.6 MPH)
|
Batting: RHB German Rivera
|
0-0: Ball Brad Komminsk steals 2nd base 1-0: Ball 2-0: Called Strike 2-1: Ground out 4-3 (Groundball, 4, EV 85.0 MPH) Brad Komminsk to third
|
Batting: LHB John Kruk
|
0-0: Ball 1-0: Ball 2-0: Swinging Strike 2-1: Ball 3-1: Base on Balls
|
Batting: RHB George Gomez
|
0-0: Ball 1-0: Ball 2-0: Ball 3-0: Base on Balls John Kruk to second
|
Batting: RHB Chris James
|
0-0: Ball 1-0: Ground out 6-3 (Groundball, P, EV 83.1 MPH) Brad Komminsk scores John Kruk to third George Gomez to second
|
Batting: RHB Mariano Duncan
|
0-0: Ball 1-0: DOUBLE (Line Drive, 9LS, EV 108.8 MPH) John Kruk scores George Gomez scores
|
Batting: LHB Mike Martin
|
0-0: Ball 1-0: Called Strike 1-1: Ball 2-1: Swinging Strike 2-2: Ball 3-2: Foul Ball, location: 2F 3-2: Foul Ball, location: 2F 3-2: Strikes out swinging
|
Bottom of the 1st over - 3 runs, 2 hits, 0 errors, 1 left on base; Merida 0 - Mexico City 3 |
TOP OF THE 2ND |
Merida Olas batting - Pitching for Mexico City Conquistadors : LHP Dom Chiti
|
Batting: RHB Mark Benson
|
0-0: Ball 1-0: Ball 2-0: Swinging Strike 2-1: Ground out 6-3 (Groundball, 6M, EV 99.4 MPH)
|
Batting: LHB Vernon Ramie
|
0-0: Ground out 3-1 (Groundball, 34, EV 80.6 MPH)
|
Batting: RHB Tim Hulett
|
0-0: Called Strike 0-1: Foul Ball, location: 2F 0-2: Ball 1-2: Ball 2-2: Ball 3-2: Base on Balls
|
Batting: LHB Ty Van Burkleo
|
0-0: Ball Wild Pitch! Tim Hulett to second 1-0: Foul Ball, location: 2F 1-1: Swinging Strike 1-2: Ball 2-2: Foul Ball, location: 2F 2-2: Ball 3-2: SINGLE (Groundball, 34D, EV 103.1 MPH) Tim Hulett to third Tim Hulett scores
|
Batting: LHB Joe Szekely
|
0-0: Ball 1-0: Swinging Strike 1-1: Ball 2-1: Foul Ball, location: 2F 2-2: Foul Ball, location: 2F 2-2: Strikes out swinging
|
Top of the 2nd over - 1 run, 1 hit, 0 errors, 1 left on base; Merida 1 - Mexico City 3 |
BOTTOM OF THE 2ND |
Mexico City Conquistadors batting - Pitching for Merida Olas : RHP Ron G Davis
|
Batting: RHB Jorge Villalobos
|
0-0: Ball 1-0: Fly out, F7 (Flyball, 7S, EV 82.5 MPH)
|
Batting: RHB Jose Maldonado
|
0-0: Bunted foul 0-1: Ball 1-1: Swinging Strike 1-2: Strikes out swinging
|
Batting: RHB Brad Komminsk
|
0-0: Ball 1-0: Called Strike 1-1: Fly out, F8 (Line Drive, 8RD, EV 95.6 MPH)
|
Bottom of the 2nd over - 0 runs, 0 hits, 0 errors, 0 left on base; Merida 1 - Mexico City 3 |
TOP OF THE 3RD |
Merida Olas batting - Pitching for Mexico City Conquistadors : LHP Dom Chiti
|
Batting: RHB Bob Bathe
|
0-0: Ball 1-0: Ball 2-0: Called Strike 2-1: Foul Ball, location: 2F 2-2: Foul Ball, location: 2F 2-2: Ball 3-2: Fly out, F9 (Flyball, 89D, EV 86.9 MPH)
|
Batting: LHB Gary Jones
|
0-0: Foul Ball, location: 2F 0-1: Ball 1-1: Ball 2-1: Ground out 6-3 (Groundball, 4M, EV 86.3 MPH)
|
Batting: LHB Ronald Little
|
0-0: Ball 1-0: Foul Ball, location: 2F 1-1: Ball 2-1: Ground out 5-3 (Groundball, 56, EV 87.5 MPH)
|
Top of the 3rd over - 0 runs, 0 hits, 0 errors, 0 left on base; Merida 1 - Mexico City 3 |
BOTTOM OF THE 3RD |
Mexico City Conquistadors batting - Pitching for Merida Olas : RHP Ron G Davis
|
Batting: RHB German Rivera
|
0-0: Ball 1-0: Swinging Strike 1-1: SINGLE (Flyball, 8RS, EV 91.9 MPH)
|
Batting: LHB John Kruk
|
0-0: Fly out, F8 (Flyball, 8LD, EV 84.4 MPH)
|
Batting: RHB George Gomez
|
0-0: Ball 1-0: Called Strike 1-1: Ball 2-1: Foul Ball, location: 2F 2-2: Ball 3-2: Strikes out swinging German Rivera is caught stealing 2nd base 2-4 Batter strikes out.
|
Bottom of the 3rd over - 0 runs, 1 hit, 0 errors, 0 left on base; Merida 1 - Mexico City 3 |
TOP OF THE 4TH |
Merida Olas batting - Pitching for Mexico City Conquistadors : LHP Dom Chiti
|
Batting: LHB Mike L Hart
|
0-0: Fly out, F2 (Popup, 23F, EV 86.9 MPH)
|
Batting: RHB Mark Benson
|
0-0: Foul Ball, location: 2F 0-1: Swinging Strike 0-2: Foul Ball, location: 2F 0-2: Ball 1-2: Ball 2-2: Strikes out swinging
|
Batting: LHB Vernon Ramie
|
0-0: Ball 1-0: Called Strike 1-1: Ball 2-1: Ball 3-1: Fly out, F5 (Popup, 25F, EV 86.9 MPH)
|
Top of the 4th over - 0 runs, 0 hits, 0 errors, 0 left on base; Merida 1 - Mexico City 3 |
BOTTOM OF THE 4TH |
Mexico City Conquistadors batting - Pitching for Merida Olas : RHP Ron G Davis
|
Batting: RHB Chris James
|
0-0: Ball 1-0: Swinging Strike 1-1: SINGLE (Groundball, 56S, EV 66.3 MPH) (infield hit)
|
Batting: RHB Mariano Duncan
|
0-0: Called Strike 0-1: Swinging Strike 0-2: Ball 1-2: Foul Ball, location: 2F 1-2: Strikes out swinging
|
Batting: LHB Mike Martin
|
0-0: Ground out 6-3 (Groundball, 6M, EV 79.4 MPH) Chris James to second
|
Batting: RHB Jorge Villalobos
|
0-0: Called Strike 0-1: Fly out, F9 (Flyball, 9LM, EV 95.0 MPH)
|
Bottom of the 4th over - 0 runs, 1 hit, 0 errors, 1 left on base; Merida 1 - Mexico City 3 |
TOP OF THE 5TH |
Merida Olas batting - Pitching for Mexico City Conquistadors : LHP Dom Chiti
|
Batting: RHB Tim Hulett
|
0-0: Ball 1-0: Ball 2-0: SINGLE (Groundball, 56D, EV 103.1 MPH)
|
Batting: LHB Ty Van Burkleo
|
0-0: Called Strike 0-1: Grounds into double play, 4-6-3 (Groundball, 34, EV 87.5 MPH)
|
Batting: LHB Joe Szekely
|
0-0: Ball 1-0: Foul Ball, location: 2F 1-1: Ball 2-1: SINGLE (Groundball, 5S, EV 74.4 MPH) (infield hit)
|
Batting: RHB Bob Bathe
|
0-0: Ball 1-0: Ball 2-0: Foul Ball, location: 2F 2-1: Ball 3-1: Fly out, F8 (Flyball, 8LXD, EV 99.4 MPH)
|
Top of the 5th over - 0 runs, 2 hits, 0 errors, 1 left on base; Merida 1 - Mexico City 3 |
BOTTOM OF THE 5TH |
Mexico City Conquistadors batting - Pitching for Merida Olas : RHP Ron G Davis
|
Batting: RHB Jose Maldonado
|
0-0: Ball 1-0: Fly out, F7 (Flyball, 7, EV 91.3 MPH)
|
Batting: RHB Brad Komminsk
|
0-0: Fly out, F8 (Flyball, 8RD, EV 96.9 MPH)
|
Batting: RHB German Rivera
|
0-0: Foul Ball, location: 2F 0-1: Swinging Strike 0-2: Ball 1-2: Ball 2-2: Ball 3-2: Foul Ball, location: 2F 3-2: Base on Balls
|
Batting: LHB John Kruk
|
0-0: Called Strike 0-1: Ball 1-1: Foul Ball, location: 2F 1-2: Strikes out looking
|
Bottom of the 5th over - 0 runs, 0 hits, 0 errors, 1 left on base; Merida 1 - Mexico City 3 |
TOP OF THE 6TH |
Merida Olas batting - Pitching for Mexico City Conquistadors : LHP Dom Chiti
|
Batting: LHB Gary Jones
|
0-0: Called Strike 0-1: Ball 1-1: Foul Ball, location: 2F 1-2: Strikes out looking
|
Batting: LHB Ronald Little
|
0-0: Swinging Strike 0-1: Swinging Strike 0-2: Strikes out swinging
|
Batting: LHB Mike L Hart
|
0-0: Swinging Strike 0-1: Called Strike 0-2: Foul Ball, location: 2F 0-2: Strikes out looking
|
Top of the 6th over - 0 runs, 0 hits, 0 errors, 0 left on base; Merida 1 - Mexico City 3 |
BOTTOM OF THE 6TH |
Mexico City Conquistadors batting - Pitching for Merida Olas : RHP Ron G Davis
|
Batting: RHB George Gomez
|
0-0: Ball 1-0: Called Strike 1-1: Called Strike 1-2: Strikes out swinging
|
Batting: RHB Chris James
|
0-0: Called Strike 0-1: Ball 1-1: Called Strike 1-2: Strikes out looking
|
Batting: RHB Mariano Duncan
|
0-0: Called Strike 0-1: Swinging Strike 0-2: Ball 1-2: Strikes out swinging
|
Bottom of the 6th over - 0 runs, 0 hits, 0 errors, 0 left on base; Merida 1 - Mexico City 3 |
TOP OF THE 7TH |
Merida Olas batting - Pitching for Mexico City Conquistadors : LHP Dom Chiti
|
Batting: RHB Mark Benson
|
0-0: Ball 1-0: Foul Ball, location: 2F 1-1: Ball 2-1: Foul Ball, location: 2F 2-2: Foul Ball, location: 2F 2-2: Ball 3-2: Base on Balls
|
Batting: LHB Vernon Ramie
|
0-0: Ball 1-0: Foul Ball, location: 2F 1-1: Called Strike 1-2: Foul Ball, location: 2F 1-2: Ball 2-2: Strikes out swinging
|
Batting: RHB Tim Hulett
|
0-0: Foul Ball, location: 2F 0-1: Foul Ball, location: 2F 0-2: Foul Ball, location: 2F 0-2: DOUBLE (Line Drive, 9LM, EV 114.4 MPH) Mark Benson to third Runner from 3rd tries for Home, SAFE, throw by RF to home
|
Batting: LHB Ty Van Burkleo
|
0-0: Ball 1-0: Ball 2-0: Swinging Strike 2-1: Swinging Strike 2-2: Strikes out swinging
|
Batting: LHB Joe Szekely
|
0-0: Called Strike 0-1: Swinging Strike 0-2: Strikes out swinging
|
Top of the 7th over - 1 run, 1 hit, 0 errors, 1 left on base; Merida 2 - Mexico City 3 |
BOTTOM OF THE 7TH |
Mexico City Conquistadors batting - Pitching for Merida Olas : RHP Ron G Davis
|
Batting: LHB Mike Martin
|
0-0: Foul Ball, location: 2F 0-1: Hit by Pitch
|
Batting: RHB Jorge Villalobos
|
0-0: Ball 1-0: Foul Ball, location: 2F 1-1: Ball 2-1: Swinging Strike 2-2: Ball 3-2: Strikes out swinging
|
Pitching: RHP Wesley Williams
|
|
Batting: RHB Jose Maldonado
|
0-0: Called Strike 0-1: Swinging Strike 0-2: Strikes out swinging
|
Batting: RHB Brad Komminsk
|
0-0: Ball 1-0: Called Strike 1-1: Ball 2-1: Ground out 5-3 (Groundball, 56S, EV 71.3 MPH)
|
Bottom of the 7th over - 0 runs, 0 hits, 0 errors, 1 left on base; Merida 2 - Mexico City 3 |
TOP OF THE 8TH |
Merida Olas batting - Pitching for Mexico City Conquistadors : LHP Dom Chiti
|
Pitching: RHP Mark Ross
|
|
Batting: RHB Bob Bathe
|
0-0: Ball 1-0: Swinging Strike 1-1: Ball 2-1: Foul Ball, location: 2F 2-2: Ball 3-2: DOUBLE (Line Drive, 7LS, EV 96.9 MPH)
|
Batting: LHB Gary Jones
|
0-0: Called Strike 0-1: Called Strike 0-2: Strikes out swinging
|
Batting: LHB Ronald Little
|
0-0: Called Strike 0-1: Ball 1-1: Foul Ball, location: 2F 1-2: Ball 2-2: Strikes out swinging
|
Batting: LHB Mike L Hart
|
0-0: Ball 1-0: Called Strike 1-1: Foul Ball, location: 2F 1-2: Ball 2-2: Ground out U3 (Groundball, 34S, EV 78.8 MPH)
|
Top of the 8th over - 0 runs, 1 hit, 0 errors, 1 left on base; Merida 2 - Mexico City 3 |
BOTTOM OF THE 8TH |
Mexico City Conquistadors batting - Pitching for Merida Olas : RHP Wesley Williams
|
Batting: RHB German Rivera
|
0-0: Fly out, F8 (Flyball, 89S, EV 93.8 MPH)
|
Batting: LHB John Kruk
|
0-0: Ball 1-0: Called Strike 1-1: Ball 2-1: DOUBLE (Line Drive, 89M, EV 101.9 MPH)
|
Batting: RHB George Gomez
|
0-0: Ball 1-0: Foul Ball, location: 2F 1-1: Called Strike 1-2: Ball 2-2: Foul Ball, location: 2F 2-2: Ball 3-2: Strikes out swinging
|
Batting: RHB Chris James
|
0-0: Ball 1-0: Fly out, F4 (Popup, 4S, EV 67.5 MPH)
|
Bottom of the 8th over - 0 runs, 1 hit, 0 errors, 1 left on base; Merida 2 - Mexico City 3 |
TOP OF THE 9TH |
Merida Olas batting - Pitching for Mexico City Conquistadors : RHP Mark Ross
|
Now at 3B: Tom Barrett
|
|
Pinch Hitting: LHB La Schelle Tarver
|
0-0: Ball 1-0: Called Strike 1-1: Ground out 5-3 (Groundball, 5, EV 86.3 MPH)
|
Batting: LHB Vernon Ramie
|
0-0: Ground out 2-3 (Groundball, 2L, EV 70.0 MPH)
|
Batting: RHB Tim Hulett
|
0-0: Swinging Strike 0-1: Swinging Strike 0-2: Ball 1-2: Ball 2-2: Strikes out swinging
|
Top of the 9th over - 0 runs, 0 hits, 0 errors, 0 left on base; Merida 2 - Mexico City 3 |
|